[Event "Team 45 45 League T57"]
[Site "Internet Chess Club"]
[Date "2013.06.04"]
[Round "2"]
[White "NFork"]
[Black "Barrett-CCSCSL"]
[Result "1/2-1/2"]
[WhiteElo "2222"]
[BlackElo "2104"]
[Opening "Réti opening"]
[ECO "A06"]
[Time "00:21:03"]
[TimeControl "2700+45"]

1. Nf3 d5 2. e3 Nf6 3. c4 c6 4. b3 Bg4 5. Bb2 e6 6. h3 Bxf3 7. Qxf3 Be7 8. Nc3
O-O 9. Be2 Nbd7 10. O-O Qa5 11. a3 dxc4 12. bxc4 Ne5 13. Qg3 Bd6 14. f4 Ng6 15.
d4 c5 16. d5 exd5 17. Rad1 d4 18. Nb5 Ne4 19. Qe1 Qxe1 20. Rfxe1 a6 21. Nxd6
Nxd6 22. exd4 Nxf4 23. Bf1 Nf5 24. dxc5 Rfd8 25. Kf2 Rxd1 26. Rxd1 Ne6 27. g4
Nh4 28. Kg3 Ng6 29. Bg2 Nxc5 30. Rd6 Re8 31. Bd4 Ne6 32. Bg1 Re7 33. Rb6 Nd8 34.
Rd6 Ne6 35. Rb6 Nd8 36. Rd6 Ne6 {Game drawn by repetition} 1/2-1/2

[Event "Team 45 45 League T57"]
[Site "Internet Chess Club"]
[Date "2013.06.08"]
[Round "2"]
[White "zeigmata"]
[Black "Campagnolo"]
[Result "1-0"]
[WhiteElo "2199"]
[BlackElo "2076"]
[Opening "Benkö gambit half accepted"]
[ECO "A57"]
[Time "21:04:47"]
[TimeControl "2700+45"]

1. d4 Nf6 2. c4 c5 3. d5 b5 4. cxb5 a6 5. b6 Qxb6 6. Nc3 g6 7. e4 d6 8. Be2 Bg7
9. Nf3 O-O 10. Nd2 Qd8 11. O-O Nbd7 12. Rb1 Ne8 13. Qc2 Nc7 14. b3 a5 15. Nc4
Na6 16. Bf4 Nb4 17. Qd2 Nb6 18. a3 Nxc4 19. bxc4 Na6 20. Qe3 Rb8 21. Rxb8 Nxb8
22. e5 dxe5 23. Bxe5 Bxe5 24. Qxe5 Qd6 25. Qxd6 exd6 26. Rb1 Bf5 27. Rb6 Re8 28.
g4 Bd7 29. Rxd6 f5 30. h3 Kf7 31. Rb6 Kg7 32. Kg2 Kh6 33. Kg3 Kg5 34. f4+ Kh6
35. g5+ Kg7 36. Kf2 h6 37. h4 hxg5 38. hxg5 Rh8 39. Bf3 {Black resigns} 1-0

[Event "Team 45 45 League T57"]
[Site "Internet Chess Club"]
[Date "2013.05.31"]
[Round "2"]
[White "Egmont"]
[Black "az2112"]
[Result "0-1"]
[WhiteElo "1722"]
[BlackElo "1653"]
[Opening "Queen's pawn, Mason variation"]
[ECO "D00"]
[Time "09:00:40"]
[TimeControl "2700+45"]

1. d4 d5 2. Bf4 Nf6 3. e3 Bf5 4. h3 e6 5. Bd3 Ne4 6. Nd2 Bd6 7. Bxd6 Nxd6 8.
Bxf5 Nxf5 9. Ngf3 Nd7 10. e4 dxe4 11. Nxe4 O-O 12. O-O c6 13. c4 Nb6 14. Rc1 Ne7
15. Re1 Qc7 16. Qd2 Rfd8 17. Qg5 Ng6 18. h4 Qf4 19. Qxf4 Nxf4 20. Kf1 Nd3 21. b3
Nxc1 22. Rxc1 Nd7 23. Nd6 b6 24. Ng5 Rf8 25. Rd1 Nf6 26. f3 h6 27. Nge4 Nxe4 28.
Nxe4 Rfd8 29. Ke2 Rac8 30. c5 bxc5 31. dxc5 Rxd1 32. Kxd1 Rd8+ 33. Kc2 Kf8 34.
Nd6 Ke7 35. b4 Rxd6 36. cxd6+ Kxd6 37. Kd3 Kd5 38. f4 f6 39. a3 a6 40. h5 c5 41.
bxc5 Kxc5 42. Kc3 e5 43. fxe5 fxe5 44. g3 a5 45. a4 e4 46. Kc2 Kc4 {White
resigns} 0-1

[Event "Team 45 45 League T57"]
[Site "Internet Chess Club"]
[Date "2013.06.02"]
[Round "2"]
[White "AVEMARIA"]
[Black "drsigmund1"]
[Result "1-0"]
[WhiteElo "1629"]
[BlackElo "1536"]
[Opening "French: Tarrasch, closed variation"]
[ECO "C05"]
[Time "07:02:25"]
[TimeControl "2700+45"]

1. e4 e6 2. d4 d5 3. Nd2 Nf6 4. e5 Nfd7 5. Bd3 c5 6. c3 Nc6 7. Ne2 Qb6 8. Nf3
Be7 9. O-O cxd4 10. cxd4 f6 11. exf6 Nxf6 12. a3 O-O 13. Re1 Nh5 14. b4 Rxf3 15.
gxf3 Bd7 16. Nf4 Nxf4 17. Bxf4 Rf8 18. Be3 Bf6 19. Rc1 Be8 20. f4 Ne7 21. Qc2
Bg6 22. Bxg6 Nxg6 23. Qc5 Qa6 24. b5 Qa4 25. Qd6 Kf7 26. f5 Nh4 27. Qxe6# {Black
checkmated} 1-0

[Event "Team 45 45 League T57"]
[Site "Internet Chess Club"]
[Date "2013.06.01"]
[Round "2"]
[White "sdcohle"]
[Black "whiskeytown"]
[Result "0-1"]
[WhiteElo "1412"]
[BlackElo "1634"]
[Opening "King's Indian: orthodox, 7...Nbd7"]
[ECO "E94"]
[Time "22:02:19"]
[TimeControl "2700+45"]

1. d4 Nf6 2. c4 g6 3. Nc3 Bg7 4. e4 d6 5. Nf3 O-O 6. Be2 e5 7. O-O Nbd7 8. d5
Nc5 9. h3 Ncxe4 10. Nxe4 Nxe4 11. Bd3 Nc5 12. Bc2 Bd7 13. Be3 f5 14. Bxc5 dxc5
15. Rb1 Qf6 16. Qe2 Rad8 17. Nd2 c6 18. dxc6 Bxc6 19. f4 exf4 20. Nf3 Rfe8 21.
Qf2 b6 22. Nh4 Qd4 23. Bb3 Qxf2+ 24. Rxf2 Bd4 25. Kf1 Bxf2 26. Kxf2 Rd2+ 27. Kg1
Ree2 28. Bd1 Re1+ 29. Kh2 Rdxd1 30. Rxd1 Rxd1 31. Nf3 Bxf3 32. gxf3 Rd2+ {White
resigns} 0-1

[Event "Team 45 45 League T57"]
[Site "Internet Chess Club"]
[Date "2013.06.02"]
[Round "2"]
[White "toukon"]
[Black "LiangLiang"]
[Result "1-0"]
[WhiteElo "1756"]
[BlackElo "1733"]
[Opening "Grünfeld: 4.Bf4"]
[ECO "D82"]
[Time "19:00:18"]
[TimeControl "2700+45"]

1. d4 Nf6 2. c4 g6 3. Nc3 d5 4. Bf4 Bg7 5. Rc1 c6 6. e3 Nbd7 7. Nf3 Nf8 8. Bd3
dxc4 9. Bxc4 Be6 10. Bd3 Nd5 11. Bg3 Qb6 12. O-O Nxc3 13. bxc3 Bxa2 14. Qa4 Bb3
15. Qa3 a5 16. Rb1 a4 17. Bc2 Ra5 18. Nd2 Rb5 19. Bd3 Rd5 20. Nxb3 axb3 21. Rxb3
Qa5 22. Qb2 b5 23. Be4 Rd8 24. Bxc6+ Nd7 25. Rxb5 Qa6 26. Rb6 Qa5 27. Bxd7+ Rxd7
28. Ra1 Qd5 29. Rb8+ Rd8 30. Raa8 Qxa8 31. Rxa8 Rxa8 32. Qb5+ Kf8 33. h3 Bf6 34.
c4 Kg7 35. c5 h5 36. h4 g5 37. hxg5 Bxg5 38. c6 h4 39. Qxg5+ Kf8 40. Bxh4 f6 41.
Qf4 Kf7 42. c7 Rhc8 43. Qe4 Ra1+ 44. Kh2 Rxc7 45. Qd5+ Kg7 46. e4 Re1 47. e5
Rcc1 48. exf6+ exf6 49. Qf3 Re6 50. d5 Rb6 51. d6 Rcc6 52. Qxf6+ Kh7 53. Qf5+
Kh6 54. Bg5+ Kg7 55. Qf6+ Kg8 56. Qg6+ {Black resigns} 1-0

[Event "Team 45 45 League T57"]
[Site "Internet Chess Club"]
[Date "2013.05.31"]
[Round "2"]
[White "DouDou"]
[Black "QuieroAprender"]
[Result "1/2-1/2"]
[WhiteElo "1789"]
[BlackElo "1707"]
[Opening "Ruy Lopez: closed, 9.d4"]
[ECO "C91"]
[Time "19:31:14"]
[TimeControl "2700+45"]

1. e4 e5 2. Nf3 Nc6 3. Bb5 a6 4. Ba4 Nf6 5. O-O Be7 6. Re1 b5 7. Bb3 d6 8. c3
O-O 9. d4 Bb7 10. Nbd2 exd4 11. cxd4 Na5 12. Bc2 h6 13. Nf1 c5 14. d5 Nd7 15.
Ng3 Nc4 16. b3 Nce5 17. Bf4 Nxf3+ 18. Qxf3 g5 19. Bd2 Bf6 20. Rad1 Ne5 21. Qh5
Bg7 22. Nf5 Qf6 23. Re3 Bc8 24. Bc3 Bxf5 25. exf5 Rfe8 26. Rde1 b4 27. Ba1 Ra7
28. g3 Rae7 29. Kh1 g4 30. h3 Qg5 31. hxg4 Nxg4 32. Qxg5 hxg5 33. Rxe7 Rxe7 34.
Rxe7 Bxa1 35. Kg2 Bd4 36. Re2 Kf8 37. Be4 a5 38. Bf3 Ne5 39. Re1 Nd3 40. Rf1 Nb2
41. Rh1 a4 42. Rh6 axb3 43. axb3 f6 44. Rh7 Nd3 45. Bh5 Nc1 46. Rf7+ Kg8 47. Rd7
Be5 48. Bd1 Na2 49. g4 Nc3 50. Bf3 Nb5 51. Be2 Nd4 52. Bc4 Kf8 53. f3 Nc2 54.
Kf2 Na3 55. Bd3 Ke8 56. Ra7 Bf4 57. Ke2 Be5 58. Kd2 Bc3+ 59. Kd1 Be5 60. Ke2 Kf8
61. Ke3 Bf4+ 62. Ke4 Ke8 {Game drawn by mutual agreement} 1/2-1/2

[Event "Team 45 45 League T57"]
[Site "Internet Chess Club"]
[Date "2013.05.30"]
[Round "2"]
[White "Lumumba"]
[Black "ilovechess"]
[Result "1-0"]
[WhiteElo "1683"]
[BlackElo "1354"]
[Opening "QGD: Marshall defense"]
[ECO "A50"]
[Time "19:00:46"]
[TimeControl "2700+45"]

1. d4 Nf6 2. c4 d5 3. cxd5 Nxd5 4. Nf3 Bf5 5. Qb3 b6 6. Nbd2 Bg6 7. e4 Nf6 8.
Bd3 e6 9. O-O Be7 10. Re1 O-O 11. Nf1 Nc6 12. a3 Nxd4 13. Nxd4 Qxd4 14. Be3 Qd6
15. Rad1 Qc6 16. Rc1 Qb7 17. f3 Nd7 18. Nd2 Nc5 19. Bxc5 Bxc5+ 20. Rxc5 Qc8 21.
Rcc1 Rd8 22. Nc4 Rd7 23. Ne5 Rd6 24. Nxg6 hxg6 25. e5 Rd5 26. Be4 Rd8 27. Bxa8
Qxa8 28. Rxc7 Qb8 29. Rec1 Rd2 30. Rc8+ {Black resigns} 1-0

[Event "Team 45 45 League T57"]
[Site "Internet Chess Club"]
[Date "2013.06.03"]
[Round "2"]
[White "hi12980"]
[Black "BotanicalKnight"]
[Result "1-0"]
[WhiteElo "1755"]
[BlackElo "1481"]
[Opening "Caro-Kann: advance variation"]
[ECO "B12"]
[Time "20:04:05"]
[TimeControl "2700+45"]

1. e4 c6 2. d4 d5 3. e5 Bf5 4. Nf3 e6 5. Be2 Nd7 6. Nbd2 Qb6 7. Nb3 c5 8. c3 Ne7
9. O-O Nc6 10. Nh4 Bg6 11. Nxg6 hxg6 12. Rb1 c4 13. Nd2 a5 14. Nf3 Be7 15. Be3
O-O 16. b3 cxb3 17. Rxb3 Qc7 18. Qd2 Rfc8 19. Rfb1 b6 20. a4 Kf8 21. Bb5 Rab8
22. Qe2 Kg8 23. Ng5 Bxg5 24. Bxg5 Kf8 25. Qf3 Kg8 26. Re1 Nf8 27. Qg4 Ne7 28.
Ba6 Re8 29. Bb5 Rec8 30. Re3 Nf5 31. Rh3 Nh7 32. Bd3 Nxg5 33. Qxg5 Nh6 34. Qh4
Qd8 35. Qf4 Nf5 36. g4 Nh6 37. g5 Nf5 38. Bxf5 exf5 39. Qh4 Kf8 40. Qh8+ Ke7 41.
Qxg7 Qf8 42. Qf6+ Kd7 43. Rh7 {Black resigns} 1-0

[Event "Team 45 45 League T57"]
[Site "Internet Chess Club"]
[Date "2013.05.30"]
[Round "2"]
[White "misuc56"]
[Black "JustinL"]
[Result "1/2-1/2"]
[WhiteElo "1822"]
[BlackElo "2046"]
[Opening "King's Indian defense"]
[ECO "D70"]
[Time "09:00:06"]
[TimeControl "2700+45"]

1. d4 Nf6 2. c4 g6 3. e3 d5 4. Nc3 Bg7 5. h3 O-O 6. Nf3 c5 7. cxd5 Nxd5 8. Be2
Nc6 9. O-O cxd4 10. exd4 Be6 11. Qa4 Nb6 12. Qd1 Nxd4 13. Nxd4 Qxd4 14. Qxd4
Bxd4 15. Bf3 Rab8 16. Bf4 Rbd8 17. Bxb7 Bc4 18. Rfe1 e6 19. a3 f6 20. Rac1 e5
21. Be3 Rf7 22. Bf3 f5 23. g3 f4 24. gxf4 Bxe3 25. fxe3 exf4 26. exf4 Rxf4 27.
Re3 Rd2 28. b4 Bf7 29. Ne4 Rd4 30. Ng5 Nc4 31. Rec3 Ne5 32. Bg2 h6 33. Nxf7 Rxf7
34. Re3 Rf5 35. Rce1 Nc4 36. Rc3 Rg5 37. Re2 Rh4 38. Kh2 Ne5 39. Rc7 Ng4+ 40.
Kh1 Ne5 41. Rxa7 Kf8 42. Rc2 Nc4 43. Kh2 Ke8 44. Rc3 Rd4 45. a4 Rd2 46. Rg3 Kd8
47. Rxg5 hxg5 48. Kg3 Nd6 49. Bc6 Rd4 50. b5 Nf5+ 51. Kf3 Rh4 52. b6 Rxh3+ 53.
Kg2 Rb3 54. Bb5 Kc8 55. Rc7+ Kb8 56. Rc6 Nd4 57. Rc5 Nxb5 58. axb5 Kb7 59. Rxg5
Kxb6 {Game drawn by mutual agreement} 1/2-1/2

[Event "Team 45 45 League T57"]
[Site "Internet Chess Club"]
[Date "2013.06.01"]
[Round "2"]
[White "justice02"]
[Black "jps7"]
[Result "0-1"]
[WhiteElo "1688"]
[BlackElo "1740"]
[Opening "English: Neo-Catalan"]
[ECO "A13"]
[Time "12:08:39"]
[TimeControl "2700+45"]

1. Nf3 Nf6 2. c4 e6 3. g3 d5 4. Bg2 c6 5. Qc2 Bd6 6. O-O O-O 7. b3 e5 8. d3 e4
9. dxe4 dxe4 10. Nd4 Be5 11. e3 c5 12. Ba3 cxd4 13. exd4 Qxd4 14. Bxf8 Kxf8 15.
Na3 e3 16. Rad1 exf2+ 17. Rxf2 Qb6 18. Kh1 Bg4 19. c5 Bxd1 20. cxb6 Bxc2 21.
Bxb7 Be4+ 22. Bxe4 Nxe4 23. Re2 axb6 24. Nc4 Bd4 25. Rxe4 Nc6 26. a4 Re8 27. Rf4
Re1+ 28. Kg2 Bc5 29. Kh3 Rb1 30. Rf3 Nd4 31. Rf4 Rxb3 32. Ne5 f6 33. Nd7+ Ke7
34. Nxc5 bxc5 35. Rh4 h6 36. Re4+ Kf7 37. Re1 Nf3 38. Rc1 Ng5+ 39. Kg2 Rb2+ 40.
Kf1 Ne6 41. Ra1 Rxh2 42. Ra3 Rb2 43. a5 Rb7 44. Ke2 Ra7 45. Kd3 Ra6 46. Kc4 g5
47. Kb5 Ra8 48. Kc6 c4 49. Kb7 Re8 50. a6 Nc5+ 51. Kb6 Nxa6 52. Rxa6 Re6+ {White
resigns} 0-1

[Event "Team 45 45 League T57"]
[Site "Internet Chess Club"]
[Date "2013.06.02"]
[Round "2"]
[White "supermessi"]
[Black "noblitz-oblige"]
[Result "0-1"]
[WhiteElo "1579"]
[BlackElo "1561"]
[Opening "Kevitz-Trajkovich defense"]
[ECO "A50"]
[Time "12:00:34"]
[TimeControl "2700+45"]

1. d4 Nf6 2. c4 Nc6 3. Nf3 e6 4. Nc3 d6 5. e4 Be7 6. Be2 O-O 7. O-O h6 8. h3 d5
9. e5 Ne4 10. Be3 f5 11. Qb3 f4 12. Bc1 Ng5 13. cxd5 Nxf3+ 14. Bxf3 Nxd4 15. Qd1
Bc5 16. Na4 Nxf3+ 17. Qxf3 Bd4 18. dxe6 Bxe5 19. Re1 Qd6 20. Qe4 Bd4 21. e7 Re8
22. Bxf4 Qb4 23. Red1 Bxf2+ 24. Kxf2 Qxe4 25. Bxc7 Qxa4 26. Rd8 Qc2+ 27. Kg1
Bxh3 28. gxh3 Qxc7 29. Rxa8 Rxa8 30. Re1 Re8 {White resigns} 0-1

[Event "Team 45 45 League T57"]
[Site "Internet Chess Club"]
[Date "2013.06.04"]
[Round "2"]
[White "kingsrook"]
[Black "rahulr"]
[Result "0-1"]
[WhiteElo "1322"]
[BlackElo "1566"]
[Opening "Queen's Indian: 4.Nc3"]
[ECO "E12"]
[Time "19:00:05"]
[TimeControl "2700+45"]

1. d4 Nf6 2. c4 e6 3. Nf3 b6 4. Nc3 Bb7 5. e3 Be7 6. Bd3 O-O 7. O-O Nc6 8. a3
Re8 9. d5 exd5 10. cxd5 Nb8 11. e4 Bc5 12. b4 Be7 13. Re1 c6 14. Qc2 cxd5 15.
exd5 Nxd5 16. Bxh7+ Kh8 17. Nxd5 Bxd5 18. Be4 Bxe4 19. Qxe4 Nc6 20. Qf4 Bf6 21.
Rb1 Nd4 22. Qd2 Nxf3+ 23. gxf3 Rxe1+ 24. Qxe1 Rc8 25. Bb2 Bxb2 26. Rxb2 Qg5+ 27.
Kf1 Rc1 28. Rb1 Rxe1+ 29. Rxe1 d5 30. Re8+ Kh7 31. Re2 Qc1+ 32. Kg2 Qxa3 33. Rd2
Qb3 34. Rd4 Kg6 35. Rg4+ Kf6 36. h4 Qc3 37. Rf4+ Ke6 38. b5 d4 39. Re4+ Kf5 40.
Kg3 d3 41. Rf4+ Ke6 42. Re4+ Kd7 43. Re3 Qc2 44. Re4 d2 45. Rd4+ Ke6 46. Re4+
Qxe4 47. fxe4 d1=Q 48. f3 f5 49. Kf4 Qd2+ 50. Kg3 fxe4 51. fxe4 Ke5 {White
resigns} 0-1

[Event "Team 45 45 League T57"]
[Site "Internet Chess Club"]
[Date "2013.06.02"]
[Round "2"]
[White "ticopatzer"]
[Black "Grenadier"]
[Result "1-0"]
[WhiteElo "1701"]
[BlackElo "1666"]
[Opening "Old Indian defense"]
[ECO "A53"]
[Time "10:07:04"]
[TimeControl "2700+45"]

1. d4 Nf6 2. c4 d6 3. Nc3 Nbd7 4. g3 e5 5. Bg2 Be7 6. e3 O-O 7. Nge2 c6 8. O-O
Qc7 9. b3 Nb6 10. Ba3 Bg4 11. Qd2 Rad8 12. d5 cxd5 13. cxd5 Qd7 14. e4 Bh3 15.
Rac1 a6 16. Qe3 Na8 17. f3 h6 18. Nd1 Nh7 19. Nf2 Bxg2 20. Kxg2 Bg5 21. f4 exf4
22. gxf4 Bh4 23. Ng3 g5 24. Nf5 gxf4 25. Qf3 Bg5 26. Bxd6 Rfe8 27. Bxf4 Bxf4 28.
Qxf4 Kh8 29. Kh1 Rg8 30. Nxh6 Rg6 31. Nfg4 Rf8 32. Ne5 Rf6 33. Nxd7 Rxf4 34.
Rxf4 {Black resigns} 1-0

[Event "Team 45 45 League T57"]
[Site "Internet Chess Club"]
[Date "2013.06.04"]
[Round "2"]
[White "GoIrish"]
[Black "Electryon"]
[Result "1/2-1/2"]
[WhiteElo "1583"]
[BlackElo "1488"]
[Opening "Réti: King's Indian attack (Barcza system)"]
[ECO "A07"]
[Time "20:31:31"]
[TimeControl "2700+45"]

1. Nf3 d5 2. g3 c6 3. Bg2 e6 4. O-O f5 5. d3 Nf6 6. c4 Bd6 7. Nc3 O-O 8. a3 a5
9. cxd5 exd5 10. Bg5 Nbd7 11. d4 Qe8 12. Qd2 Ne4 13. Nxe4 fxe4 14. Nh4 Be7 15.
Rae1 Bxg5 16. Qxg5 Nf6 17. f3 Qd8 18. fxe4 Nxe4 19. Qxd8 Rxd8 20. Bxe4 dxe4 21.
e3 Bh3 22. Rf2 Rf8 23. Rxf8+ Rxf8 24. Ng2 g5 25. Rf1 Rxf1+ 26. Kxf1 Kf7 27. Kf2
Bxg2 28. Kxg2 g4 29. Kf2 Ke6 30. Ke2 Kd5 31. Kd2 Kc4 32. Kc2 b5 33. b3+ Kd5 34.
Kc3 c5 35. dxc5 Kxc5 36. b4+ axb4+ 37. axb4+ Kd5 38. Kb3 Kd6 39. Kc3 Ke5 40. Kb3
Kd5 41. Kc3 Ke5 42. Kb3 {Game drawn by mutual agreement} 1/2-1/2

[Event "Team 45 45 League T57"]
[Site "Internet Chess Club"]
[Date "2013.05.31"]
[Round "2"]
[White "rayngrant"]
[Black "BrerRabbit"]
[Result "1-0"]
[WhiteElo "1602"]
[BlackElo "1487"]
[Opening "Pirc: Ufimtsev-Pytel variation"]
[ECO "B07"]
[Time "20:03:00"]
[TimeControl "2700+45"]

1. e4 d6 2. d4 Nf6 3. Nc3 c6 4. Bd3 e5 5. Bg5 Be7 6. Nge2 O-O 7. O-O h6 8. Bh4
Bg4 9. f3 Bh5 10. dxe5 dxe5 11. Bc4 Nbd7 12. Rb1 Qc7 13. Qe1 Nb6 14. Bb3 Rad8
15. f4 Nbd7 16. f5 Nc5 17. Ng3 Nxb3 18. axb3 Rd6 19. Bxf6 Bxf6 20. Nxh5 Bg5 21.
h4 Bd2 22. Qg3 f6 23. Rf3 Bxc3 24. bxc3 Rfd8 25. Rd3 Qf7 26. Qf3 {Black resigns}
1-0

[Event "Team 45 45 League T57"]
[Site "Internet Chess Club"]
[Date "2013.06.01"]
[Round "2"]
[White "dmarcolino"]
[Black "O00O"]
[Result "1-0"]
[WhiteElo "1997"]
[BlackElo "1915"]
[Opening "Pirc defense"]
[ECO "B07"]
[Time "14:05:01"]
[TimeControl "2700+45"]

1. e4 d6 2. d4 Nf6 3. Nc3 g6 4. Be3 Bg7 5. Qd2 c6 6. f3 Qa5 7. h4 h5 8. Nh3 Nbd7
9. O-O-O c5 10. dxc5 Nxc5 11. e5 Nfd7 12. exd6 O-O 13. dxe7 Re8 14. Bd4 Rxe7 15.
Bxg7 Kxg7 16. Qd4+ Ne5 17. f4 {Black resigns} 1-0

[Event "Team 45 45 League T57"]
[Site "Internet Chess Club"]
[Date "2013.06.01"]
[Round "2"]
[White "typhoon"]
[Black "jjimalo"]
[Result "0-1"]
[WhiteElo "1633"]
[BlackElo "1893"]
[Opening "Nimzo-Indian: Sämisch variation"]
[ECO "E24"]
[Time "11:15:39"]
[TimeControl "2700+45"]

1. d4 Nf6 2. c4 e6 3. Nc3 Bb4 4. a3 Bxc3+ 5. bxc3 c5 6. Nf3 b6 7. e3 Bb7 8. Be2
d6 9. O-O Nc6 10. Nd2 O-O 11. f3 Qc7 12. e4 cxd4 13. cxd4 Nxd4 14. Bd3 e5 15.
Qe1 Ba6 16. Qh4 b5 17. Bb2 bxc4 18. Rac1 Qb6 {White resigns} 0-1

[Event "Team 45 45 League T57"]
[Site "Internet Chess Club"]
[Date "2013.05.31"]
[Round "2"]
[White "bahamapapa"]
[Black "chess09"]
[Result "0-1"]
[WhiteElo "1868"]
[BlackElo "2027"]
[Opening "QGD Slav: exchange variation"]
[ECO "D13"]
[Time "22:01:29"]
[TimeControl "2700+45"]

1. d4 d5 2. c4 c6 3. cxd5 cxd5 4. Nf3 Nf6 5. Nc3 Nc6 6. Bf4 e6 7. a3 Bd6 8. Bg3
O-O 9. e3 a6 10. Bd3 Qe7 11. Bxd6 Qxd6 12. O-O e5 13. dxe5 Nxe5 14. Be2 Nxf3+
15. Bxf3 Rd8 16. Qd4 Be6 17. Rfd1 Qc7 18. Rac1 Qe7 19. Qe5 Kf8 20. Nxd5 Bxd5 21.
Qf4 Bxf3 22. Qxf3 Rac8 23. g4 Qe4 24. Qxe4 Nxe4 25. Rxd8+ Rxd8 26. Rc7 b5 27.
Rc6 Rd1+ 28. Kg2 Rd2 29. Kf3 Ng5+ 30. Kg3 a5 31. h4 Ne4+ 32. Kf3 Nxf2 33. b4
axb4 34. axb4 Nd3 35. Rb6 Ne5+ 36. Kf4 Nd3+ 37. Ke4 Nxb4 38. Rxb5 Nc6 39. Rc5
Nd8 40. Ke5 f6+ 41. Kf5 Ke7 42. Rc7+ Rd7 43. Rc5 Ne6 44. Ra5 Nc7 45. e4 Ne6 46.
e5 g6+ 47. Ke4 Rd4+ 48. Kf3 fxe5 49. Rxe5 Kf6 50. Ra5 h6 51. Ra6 Ke5 52. Ra5+
Rd5 53. Ra6 Rd3+ 54. Kf2 Nf4 55. Ra5+ Rd5 56. Ra6 Rd2+ 57. Kf3 Rd3+ 58. Kf2 Rh3
59. h5 gxh5 60. Rxh6 hxg4 61. Ra6 Rf3+ 62. Kg1 g3 63. Ra5+ Ke4 64. Rg5 g2 65.
Rg4 Rf1+ 66. Kh2 Rh1+ 67. Kg3 g1=R+ {White resigns} 0-1

[Event "Team 45 45 League T57"]
[Site "Internet Chess Club"]
[Date "2013.06.03"]
[Round "2"]
[White "NFork"]
[Black "Cryptochess"]
[Result "1-0"]
[WhiteElo "2228"]
[BlackElo "2031"]
[Opening "Nimzovich-Larsen attack: modern variation"]
[ECO "A01"]
[Time "15:09:13"]
[TimeControl "2700+45"]

1. b3 e5 2. Bb2 Nc6 3. e3 Nf6 4. Nf3 d6 5. c4 g6 6. d4 Qe7 7. Be2 Bg7 8. O-O a5
9. Nc3 O-O 10. Re1 e4 11. Nd2 Re8 12. f4 exf3 13. Bxf3 h5 14. a3 Bf5 15. Nd5 Qd8
16. Rc1 Bh6 17. Bc3 Ne4 18. Nxe4 Bxe4 19. Bxe4 Rxe4 20. Qf3 f5 21. Nf4 Bxf4 22.
exf4 d5 23. Rxe4 fxe4 24. Qg3 Kh7 25. f5 gxf5 26. Rf1 Ne7 27. Qg5 Qe8 28. Rf4
Qf7 29. Rh4 Qg7 30. Qxh5+ Kg8 31. Rh3 Kf8 32. Rg3 Qf6 33. cxd5 f4 34. Rg5 Ra6
35. Re5 e3 36. Be1 Qg6 37. Qh4 Rf6 38. Rg5 Qb1 39. Qh8+ Kf7 40. Rg7# {Black
checkmated} 1-0

[Event "Team 45 45 League T57"]
[Site "Internet Chess Club"]
[Date "2013.05.31"]
[Round "2"]
[White "Nb4"]
[Black "koni"]
[Result "1-0"]
[WhiteElo "1895"]
[BlackElo "1894"]
[Opening "Old Indian defense"]
[ECO "A42"]
[Time "01:34:39"]
[TimeControl "2700+45"]

1. d4 d6 2. c4 e5 3. d5 f5 4. e4 fxe4 5. Nc3 Nf6 6. Nge2 Bf5 7. Ng3 Bg6 8. Bg5
Be7 9. Bxf6 gxf6 10. h4 Qd7 11. f3 exf3 12. Qxf3 h5 13. Bd3 Bxd3 14. Qxd3 Qg4
15. Nce4 Rg8 16. Nf5 Na6 17. Neg3 Nc5 18. Qc2 b6 19. b4 Nd7 20. O-O a5 21. a3
Bf8 22. Qd3 Bg7 23. Rae1 Bh8 24. Re4 Qg6 25. Qf3 axb4 26. axb4 Ra4 27. Nxh5 Kd8
28. Nhg3 Nb8 29. Ree1 Na6 30. Ra1 Rxa1 31. Rxa1 Nxb4 32. Qb3 Nxd5 33. cxd5 Ke8
34. Qb5+ {Black resigns} 1-0

[Event "Team 45 45 League T57"]
[Site "Internet Chess Club"]
[Date "2013.06.02"]
[Round "2"]
[White "poni"]
[Black "byebyebadman"]
[Result "1-0"]
[WhiteElo "1904"]
[BlackElo "1854"]
[Opening "Réti opening"]
[ECO "A04"]
[Time "13:35:22"]
[TimeControl "2700+45"]

1. Nf3 c5 2. g3 Nc6 3. Bg2 e5 4. d3 d5 5. Nbd2 Nf6 6. O-O Be7 7. e4 O-O 8. exd5
Nxd5 9. Re1 f6 10. c3 Kh8 11. Nh4 Be6 12. f4 Nc7 13. f5 Bf7 14. Ne4 Qd7 15. Qe2
Rad8 16. Nf2 Rfe8 17. Be3 Nd5 18. Bd2 Bf8 19. Rad1 Nde7 20. Be4 Bxa2 21. Qh5 Bg8
22. Bc1 Rc8 23. Ng4 Bd5 24. Ng6+ Kg8 25. Bh6 Bf7 26. Be3 hxg6 27. fxg6 Bxg6 28.
Bxg6 Nxg6 29. Qxg6 Qf7 30. Nh6+ {Black resigns} 1-0

[Event "Team 45 45 League T57"]
[Site "Internet Chess Club"]
[Date "2013.06.02"]
[Round "2"]
[White "IshanR"]
[Black "nurmi"]
[Result "0-1"]
[WhiteElo "1767"]
[BlackElo "1943"]
[Opening "Two knights defense"]
[ECO "C58"]
[Time "01:11:15"]
[TimeControl "2700+45"]

1. e4 e5 2. Nf3 Nc6 3. Bc4 Nf6 4. Ng5 d5 5. exd5 Na5 6. Bb5+ c6 7. dxc6 bxc6 8.
Bf1 Bg4 9. f3 Bf5 10. Nc3 Bc5 11. Nge4 Nxe4 12. Nxe4 Bxe4 13. fxe4 Qh4+ {White
resigns} 0-1

[Event "Team 45 45 League T57"]
[Site "Internet Chess Club"]
[Date "2013.06.02"]
[Round "2"]
[White "koni"]
[Black "fledermaus"]
[Result "1/2-1/2"]
[WhiteElo "1896"]
[BlackElo "1946"]
[Opening "Sicilian: Smith-Morra gambit"]
[ECO "B21"]
[Time "13:20:08"]
[TimeControl "2700+45"]

1. e4 c5 2. d4 cxd4 3. c3 dxc3 4. Nxc3 Nc6 5. Nf3 d6 6. Bc4 a6 7. O-O Nf6 8. Bf4
Bg4 9. h3 Bxf3 10. Qxf3 e6 11. Rfd1 Qa5 12. a3 Ne5 13. Qe2 Nxc4 14. Qxc4 Rd8 15.
b4 Qb6 16. Rac1 {Game drawn by mutual agreement} 1/2-1/2

[Event "Team 45 45 League T57"]
[Site "Internet Chess Club"]
[Date "2013.06.01"]
[Round "2"]
[White "subterfuge"]
[Black "gcl"]
[Result "0-1"]
[WhiteElo "1772"]
[BlackElo "1672"]
[Opening "QGD: Cambridge Springs defense"]
[ECO "D52"]
[Time "14:05:35"]
[TimeControl "2700+45"]

1. d4 d5 2. c4 c6 3. Nf3 Nf6 4. Nc3 e6 5. Bg5 Nbd7 6. e3 Qa5 7. a3 Ne4 8. b4
Bxb4 9. axb4 Qxb4 10. Qc2 Qxc3+ 11. Qxc3 Nxc3 12. Bd3 Ne4 13. Bf4 Ndf6 14. c5
O-O 15. Ne5 Nd7 16. Nf3 b6 17. cxb6 Nxb6 18. Ne5 Bb7 19. f3 Nf6 20. g4 Nfd7 21.
h4 Nxe5 22. Bxe5 Nd7 23. Bd6 Rfe8 24. f4 a5 25. Rh2 Ba6 26. Bb1 Bc4 27. Ba2 Nb6
28. Bb1 Nd7 29. g5 Rec8 30. h5 c5 31. Kf2 Ra6 32. Be7 cxd4 33. exd4 Rb8 34. Kg3
Rab6 35. Bxh7+ Kxh7 36. g6+ fxg6 37. Rg1 Rb3+ 38. Kh4 gxh5 39. Kxh5 Rh8 40. Rhg2
Kg8+ 41. Kg5 Rbh3 42. f5 R3h5+ 43. Kf4 Rxf5+ 44. Ke3 Rh3+ 45. Kd2 Rf7 46. Bd6
Rd3+ 47. Kc1 Rxd4 48. Kb2 Rd3 49. Bc7 a4 50. Ba5 a3+ 51. Kc2 a2 52. Bd2 Nc5 53.
Bh6 Ra3 54. Bxg7 Rxg7 55. Rxg7+ Kf8 56. Rg8+ Ke7 57. Kb2 Ra6 58. Ka1 Nb3+ 59.
Kb2 a1=Q+ 60. Rxa1 Rxa1 {White resigns} 0-1

[Event "Team 45 45 League T57"]
[Site "Internet Chess Club"]
[Date "2013.05.31"]
[Round "2"]
[White "calily"]
[Black "kabindra"]
[Result "0-1"]
[WhiteElo "1591"]
[BlackElo "1837"]
[Opening "King's Indian: fianchetto, Larsen system"]
[ECO "A05"]
[Time "10:08:51"]
[TimeControl "2700+45"]

1. Nf3 Nf6 2. g3 g6 3. Bg2 Bg7 4. d4 O-O 5. c4 c6 6. Nc3 d6 7. O-O Bf5 8. Re1
Qc8 9. e4 Bh3 10. e5 dxe5 11. dxe5 Bxg2 12. exf6 Bxf3 13. Qxf3 Bxf6 14. Ne4 Bg7
15. Bg5 f6 16. Be3 Nd7 17. Nc5 Ne5 18. Qe2 b6 19. Nd3 Nxc4 20. Bd4 e5 21. Bc3
Re8 22. Nf4 b5 23. b3 Nb6 24. Nd3 Nd5 25. Bb2 a6 26. Nc5 Qf5 27. Ne4 Rad8 28. a4
Nb4 29. axb5 Nd3 30. bxa6 Nxe1 31. Qxe1 Qf3 32. a7 Qxb3 33. Bc3 Ra8 34. Nc5 Qb6
35. Nd7 Qc7 36. Qd1 Rxa7 37. Qb3+ Kh8 38. Rxa7 Qxa7 39. Qf7 Rd8 40. Nxe5 Rd1+
41. Kg2 Qxf7 42. Nxf7+ Kg8 {White resigns} 0-1